[Event "Early-Titled-Tuesday-Blitz-October-24-2023"]
[Site "Chess.com"]
[Date "2023.10.24"]
[Round "7"]
[White "DavidLana1987"]
[Black "Witik"]
[Result "0-1"]
[WhiteElo "2581"]
[BlackElo "2799"]
[TimeControl "180+1"]
[EndTime "9:14:36 PDT"]
[Termination "Witik won by checkmate"]

1. e4 c6 2. Nf3 d5 3. exd5 cxd5 4.
d4 Nc6 5. c3 Bg4 6. Bb5 Qc7 7.
Nbd2 e6 8. Qa4 Bd6 9. O-O Ne7 10. Ne5 Bh5 11. Re1 O-O 12. Nf1 Nxe5 13. dxe5 Bxe5 14.
Bg5 Bd6 15. Bd3 Bg6 16. Bxg6 Nxg6 17. Rad1 a6 18. Qg4 Rfe8 19. h4 Ne5 20. Qh5 Nd7 21.
Ne3 Bh2+ 22. Kh1 Bf4 23. Ng4 f6 24. Bxf4 Qxf4 25. g3 Qd6 26. Ne3 Nb6 27. Kg2 Qc6 28. Kh2 Re7 29. Nf5 Ree8 30. Nd4 Qd7 31. Re2 e5 32.
Nf3 Qf7 33. Qg4 Rad8 34. Qb4 Nc4 35. b3 Nd6 36. Rxd5 Qxd5 37. Rd2 Qxf3 38. Rxd6 Qxf2+ 39. Kh3 Qf1+ 40. Kg4 h5+ 41. Kxh5 Qf5# 0-1

[Event "Early-Titled-Tuesday-Blitz-October-24-2023"]
[Site "Chess.com"]
[Date "2023.10.24"]
[Round "7"]
[White "NikolaGry"]
[Black "Elsa167"]
[Result "0-1"]
[WhiteElo "2743"]
[BlackElo "2873"]
[TimeControl "180+1"]
[EndTime "9:14:38 PDT"]
[Termination "Elsa167 won by resignation"]

1. b3 a5 2. Nc3 d5 3. e3 Nf6 4.
Nf3 c6 5. a4 Bg4 6. d4 Nbd7 7.
Be2 e6 8. Bb2 Bd6 9. h3 Bh5 10.
Ne5 Bxe2 11. Nxe2 O-O 12. O-O Qc7 13. f4 Ne4 14. c4 Bb4 15. Nd3 Be7 16. Rc1 Qb6 17.
Qc2 f5 18. Nc3 Ndf6 19. Nxe4 Nxe4 20. Nf2 Nf6 21. g4 g6 22. gxf5 gxf5 23. Kh2 Kh8 24.
Rg1 Rg8 25. Nd3 Qc7 26. c5 Ne4 27. Qe2 Bh4 28. Qh5 Bg3+ 29. Kh1 Bf2 30. Rg2 Rxg2 31.
Kxg2 Rg8+ 32. Kf3 Qg7 33. Ne5 Qg2+ 34. Ke2 Ng3+ 0-1

[Event "Early-Titled-Tuesday-Blitz-October-24-2023"]
[Site "Chess.com"]
[Date "2023.10.24"]
[Round "7"]
[White "GlacierGambit"]
[Black "deepfear"]
[Result "1-0"]
[WhiteElo "2115"]
[BlackElo "1778"]
[TimeControl "180+1"]
[EndTime "9:14:38 PDT"]
[Termination "GlacierGambit won on time"]

1. e4 c5 2. Nf3 g6 3. c3 Bg7 4. d4 cxd4 5. cxd4 d6 6. Nc3 Nf6 7. Bb5+ Bd7 8. Bxd7+ Nbxd7 9. O-O O-O 10. Qe2 a6 11.
Rd1 e6 12. Bg5 h6 13. Bh4 Qb6 14. e5 Nd5 15. Nxd5 exd5 16. e6 Nf6 17. Rac1 Ne4 18.
Nd2 Qxd4 19. Nf3 Qb6 20. Rxd5 Nf6 21. Bxf6 Bxf6 22. Rcd1 Qxb2 23. Qxb2 Bxb2 24. Rxd6 fxe6 25. Rxe6 1-0

[Event "Early-Titled-Tuesday-Blitz-October-24-2023"]
[Site "Chess.com"]
[Date "2023.10.24"]
[Round "7"]
[White "Maect19"]
[Black "noblerone"]
[Result "0-1"]
[WhiteElo "2287"]
[BlackElo "2521"]
[TimeControl "180+1"]
[EndTime "9:14:40 PDT"]
[Termination "noblerone won by checkmate"]

1. d4 d5 2. Nf3 Nf6 3. e3 Bg4 4.
Nbd2 e6 5. Bd3 c6 6. b3 Nbd7 7. Bb2 Bd6 8. h3 Bh5 9. O-O O-O 10. c4 a5 11. a4 Re8 12. e4 dxe4 13. Nxe4 Nxe4 14. Bxe4 Nf6 15. Bc2 Bc7 16. Qd3 Bg6 17. Qe2 Bxc2 18. Qxc2 Nh5 19. Qe4 Qf6 20. Ne5 Qf4 21.
Qxf4 Nxf4 22. Rad1 Rad8 23. Rfe1 f6 24. Nd3 Kf7 25. Nxf4 Bxf4 26. g3 Bc7 27. Kg2 Rd7 28.
Rd2 Bb6 29. c5 Bc7 30. Rde2 Rde7 31. Bc3 f5 32. f4 h6 33. Kf3 g5 34. Bd2 Kf6 35.
g4 gxf4 36. Bxf4 Bxf4 37. Kxf4 fxg4 38. Kxg4 Rd7 39. Re4 Rg8+ 40. Kh5 Rg5+ 41. Kxh6 Rg6+ 42. Kh5 Rh7# 0-1

[Event "Early-Titled-Tuesday-Blitz-October-24-2023"]
[Site "Chess.com"]
[Date "2023.10.24"]
[Round "7"]
[White "johnmez"]
[Black "Let_it_be_1"]
[Result "1-0"]
[WhiteElo "2350"]
[BlackElo "2556"]
[TimeControl "180+1"]
[EndTime "9:14:40 PDT"]
[Termination "johnmez won by resignation"]

1. d4 d5 2. Bf4 e6 3. e3 Bd6 4. Nh3 Bxf4 5. Nxf4 Nf6 6. Bd3 b6 7. O-O Ba6 8. Nd2 Bxd3 9. Nxd3 Nbd7 10. Nf3 c5 11.
Nfe5 Rc8 12. c3 O-O 13. Nxd7 Qxd7 14. Ne5 Qb5 15. Qc2 cxd4 16. exd4 Nd7 17. a4 Qa6 18. Nxd7 Rfd8 19. Ne5 f6 20. Nf3 Rd6 21. Rfe1 Qc4 22. Qe2 Qc7 23. Qd3 Qb7 24. Re2 a6 25. Rae1 Rcc6 26. Nd2 g6 27. h4 Kf7 28. h5 Rd8 29. hxg6+ hxg6 30. Re3 Rg8 31. Rh3 Rg7 32. Ree3 b5 33.
axb5 axb5 34. Nb3 Rb6 35. Nc5 Qc7 36. Rh8 b4 37. cxb4 Ke7 38. b5 Kf7 39. Reh3 Rb8 40. R8h7 Ra8 41. Rxg7+ Kxg7 42. Nxe6+ 1-0

[Event "Early-Titled-Tuesday-Blitz-October-24-2023"]
[Site "Chess.com"]
[Date "2023.10.24"]
[Round "7"]
[White "miraitrunks"]
[Black "MikeSailer"]
[Result "0-1"]
[WhiteElo "2114"]
[BlackElo "2048"]
[TimeControl "180+1"]
[EndTime "9:14:42 PDT"]
[Termination "MikeSailer won by resignation"]

1. e4 g6 2. d4 Bg7 3. Nc3 c5 4. Nf3 Qa5 5. Be3 Nf6 6. Qd2 cxd4 7. Nxd4 Nc6 8. Be2 O-O 9. O-O-O d6 10. h4 Nxd4 11. Bxd4 Be6 12. h5 b5 13. hxg6 fxg6 14. Bxf6 Bxf6 15. Nd5 Qxd2+ 16. Kxd2 Bxd5 17. exd5 Bxb2 18. f3 b4 19. Bb5 Bc3+ 20. Kd3 a5 21. Bd7 Kg7 22.
Rh4 Bf6 23. Rc4 h5 24. Be6 g5 25. Rh1 Kg6 26. Ke4 Ra7 27. Rb1 Be5 28. Rb3 Rf4+ 29. Kd3 Rxc4 30. Kxc4 Rc7+ 31. Kd3 Bc3 32. a3 a4 33. Rb1 bxa3 0-1

[Event "Early-Titled-Tuesday-Blitz-October-24-2023"]
[Site "Chess.com"]
[Date "2023.10.24"]
[Round "7"]
[White "dawid498"]
[Black "Sjakkerntobi"]
[Result "1/2-1/2"]
[WhiteElo "2671"]
[BlackElo "2490"]
[TimeControl "180+1"]
[EndTime "9:14:46 PDT"]
[Termination "Game drawn by agreement"]

1. a3 e5 2. c4 Nf6 3. d3 c6 4. Nf3 d6 5. g3 Be7 6. Bg2 O-O 7. O-O h6 8. Nc3 Be6 9. b4 Nbd7 10. Bb2 Re8 11. Rc1 a6 12. e4 Bg4 13.
h3 Bxf3 14. Qxf3 c5 15. Qe2 Nb8 16. f4 Nc6 17. f5 Nd4 18. Qf2 Nh5 19. Bf3 Nf6 20.
h4 Nh7 21. Nd5 b5 22. Kh2 Nf6 23. Nxe7+ Qxe7 24. Rg1 Nxf3+ 25. Qxf3 h5 26. Rc2 Ng4+ 27. Kh3 cxb4 28. axb4 bxc4 29. Rxc4 Rec8 30. Rgc1 Qd7 31. Qe2 Rxc4 32. Rxc4 Rc8 33. Qc2 Rxc4 34. Qxc4 Qb5 35. Qxb5 axb5 36. Kg2 Kf8 37. Kf3 Ke7 38. d4 f6 39. Ke2 Kd7 40. d5 Kc7 41. Bc1 Kb7 42. Bd2 Kc7 43. Be1 Kb7 44. Bf2 Kc7 45. Ba7 Kb7 46.
Be3 Kc7 47. Bf2 Kb7 48. Bg1 Kc7 49. Be3 Kb7 50. Bd2 Kc7 1/2-1/2

[Event "Early-Titled-Tuesday-Blitz-October-24-2023"]
[Site "Chess.com"]
[Date "2023.10.24"]
[Round "7"]
[White "jaskol95"]
[Black "SlippperyWhenWet"]
[Result "1-0"]
[WhiteElo "2558"]
[BlackElo "2355"]
[TimeControl "180+1"]
[EndTime "9:14:46 PDT"]
[Termination "jaskol95 won by checkmate"]

1. d4 a6 2. e4 e6 3. Nc3 d5 4. Nf3 dxe4 5. Nxe4 Nf6 6. Nxf6+ gxf6 7. Bd3 Be7 8. Bh6 Bf8 9. Bf4 Bd6 10. Qd2 Nd7 11.
O-O-O b5 12. Bxd6 cxd6 13. d5 Ne5 14. dxe6 fxe6 15. Nxe5 fxe5 16. Qh6 Qe7 17. Bg6+ Kd8 18. Be4 Rb8 19. Rxd6+ Qxd6 20. Qf6+ Kc7 21. Qxh8 Bb7 22. Qxh7+ Kb6 23. Rd1 Qc5 24. Bxb7 Rxb7 25. Rd7 Rxd7 26. Qxd7 Qxf2 27. Qxe6+ Ka5 28. Qg4 Qe3+ 29. Kd1 e4 30. Qe2 Qc5 31. Qxe4 b4 32. g4 Ka4 33. Qe8+ Ka5 34. Qd8+ Ka4 35. Qd7+ Ka5 36. Qf5 Qxf5 37. gxf5 Ka4 38. f6 a5 39. f7 Kb5 40. f8=Q b3 41. axb3 Ka6 42. Qb8 a4 43. bxa4 Ka5 44. Qb5# 1-0

[Event "Early-Titled-Tuesday-Blitz-October-24-2023"]
[Site "Chess.com"]
[Date "2023.10.24"]
[Round "7"]
[White "GMSrinath"]
[Black "AlexPapasimakopoulos"]
[Result "0-1"]
[WhiteElo "2822"]
[BlackElo "2693"]
[TimeControl "180+1"]
[EndTime "9:14:47 PDT"]
[Termination "AlexPapasimakopoulos won by resignation"]

1. Nf3 d5 2. c4 e6 3. e3 Nf6 4. Nc3 Be7 5. b3 b6 6. Bb2 Bb7 7. cxd5 exd5 8. g3 c5 9. Bg2 d4 10. Ne2 dxe3 11. dxe3 O-O 12. O-O Qc8 13. Qc2 Nc6 14.
Qc3 Rd8 15. Nf4 Ne8 16. Bh3 Qc7 17. Nh5 Nf6 18. Nf4 Nb4 19. Bg2 Nbd5 20. Nxd5 Bxd5 21. Rad1 Bc6 22. Nh4 Bxg2 23. Nxg2 Ne8 24. Nf4 Bf6 25. Qc2 Bxb2 26. Qxb2 Nf6 27. f3 Rxd1 28. Rxd1 Rd8 29.
Rd2 Rd7 30. e4 Qd8 31. Rxd7 Qxd7 32. Qe2 Qd4+ 33. Kg2 g5 34. Nh3 g4 35. Nf2 gxf3+ 36. Qxf3 b5 37. Qf5 c4 38. bxc4 bxc4 39. e5 Qd5+ 40.
Kh3 Qd7 41. g4 Qxf5 42. gxf5 Nd7 43. e6 fxe6 44. fxe6 Nc5 45. Kg4 c3 0-1

[Event "Early-Titled-Tuesday-Blitz-October-24-2023"]
[Site "Chess.com"]
[Date "2023.10.24"]
[Round "7"]
[White "meoluoi91"]
[Black "Lennis93"]
[Result "0-1"]
[WhiteElo "2588"]
[BlackElo "2737"]
[TimeControl "180+1"]
[EndTime "9:14:47 PDT"]
[Termination "Lennis93 won by checkmate"]

1. d4 Nf6 2. Nf3 c5 3. c3 cxd4 4. cxd4 d5 5. Nc3 a6 6. Bf4 Nc6 7. e3 g6 8. h3 Bg7 9. Bd3 O-O 10.
O-O Bf5 11. Bxf5 gxf5 12. Ne5 Rc8 13. f3 e6 14. Qe1 Nd7 15. Nd3 Kh8 16. Rc1 Rg8 17.
Kh1 Bf6 18. Rg1 Rg6 19. Ne2 Bh4 20. g3 Bf6 21. g4 Ne7 22. g5 Bg7 23. h4 Bf8 24. h5 Rg8 25. Qh4 Rxc1 26. Nexc1 Nc6 27. Qh2 Be7 28. g6 Qe8 29. gxh7 Rxg1+ 30. Qxg1 Kxh7 31. Ne2 Nf6 32. Qh2 Qg8 33. Ng3 Nd7 34. Nf2 Bg5 35. Nh3 Bxf4 36. Nxf4 Qg5 37. Kg2 Nf6 38. Kf2 Nxd4 39. Qh1 Nc6 40. a3 d4 41. Nge2 dxe3+ 42. Ke1 e5 43. Nh3 Qh4+ 44. Kd1 Qc4 45. Ng5+ Kh8 46.
h6 Nd4 47. Nc3 Qd3+ 48. Ke1 Qd2+ 49. Kf1 Qf2# 0-1

[Event "Early-Titled-Tuesday-Blitz-October-24-2023"]
[Site "Chess.com"]
[Date "2023.10.24"]
[Round "7"]
[White "diamonds13"]
[Black "Fan_Of_Chucky"]
[Result "0-1"]
[WhiteElo "2311"]
[BlackElo "2530"]
[TimeControl "180+1"]
[EndTime "9:14:49 PDT"]
[Termination "Fan_Of_Chucky won on time"]

1. d4 Nf6 2. c4 c5 3. d5 b5 4.
cxb5 a6 5. Nc3 axb5 6. e4 b4 7. Nb5 d6 8. f3 g6 9. h4 h5 10.
Bc4 Bg7 11. Qe2 O-O 12. Nh3 Bxh3 13. Rxh3 Nbd7 14. f4 Nb6 15. f5 Ng4 16. Bf4 Nxc4 17.
Qxc4 Bxb2 18. Rb1 Bc3+ 19. Nxc3 bxc3 20. Rxc3 Qa5 21. Bd2 Qxa2 22. Qxa2 Rxa2 23. Rb7 Re8 24. fxg6 fxg6 25. Bg5 Rxg2 26. Bxe7 Ra8 27. Rcb3 Raa2 28. Rb8+ Kf7 29. Rf3+ Kg7 30. Bf8+ Kh7 31. Rf7+ Kg8 32. Rg7+ Kh8 0-1

[Event "Early-Titled-Tuesday-Blitz-October-24-2023"]
[Site "Chess.com"]
[Date "2023.10.24"]
[Round "7"]
[White "vishwa_vijeta"]
[Black "giomar27"]
[Result "1-0"]
[WhiteElo "2525"]
[BlackElo "2373"]
[TimeControl "180+1"]
[EndTime "9:14:49 PDT"]
[Termination "vishwa_vijeta won on time"]

1. e4 a6 2. a3 e5 3. Nf3 d5 4. exd5 e4 5. Qe2 Nf6 6. d3 Qxd5 7. Nc3 Qe6 8. dxe4 Bc5 9. Be3 Bxe3 10. Qxe3 O-O 11. O-O-O Re8 12. Qf4 Nc6 13. Nd5 Qxe4 14. Nxf6+ gxf6 15. Qxf6 Qg6 16. Qf4 Be6 17. Bd3 Qg7 18. Ng5 h6 19. Ne4 f5 20. Ng3 Nd4 21.
Nh5 Qh8 22. Qg3+ Kf7 23. Rhe1 Rac8 24. Nf4 Rg8 25. Qe3 Rce8 26. Nxe6 Nxe6 27. Bc4 Qf6 28. Bxe6+ Qxe6 29. Qxe6+ Rxe6 30. Rd7+ Kf6 31. Rxe6+ Kxe6 32. Rxc7 Rxg2 33. Rxb7 Rxh2 34. Rb6+ Ke5 35. Rxa6 h5 36.
Rh6 Kf4 37. b4 Kg5 38. Rh8 Rxf2 39. b5 Rf4 40. b6 Rf1+ 41. Kb2 1-0

[Event "Early-Titled-Tuesday-Blitz-October-24-2023"]
[Site "Chess.com"]
[Date "2023.10.24"]
[Round "7"]
[White "MatyChess1"]
[Black "N4700000"]
[Result "1/2-1/2"]
[WhiteElo "2737"]
[BlackElo "2556"]
[TimeControl "180+1"]
[EndTime "9:14:50 PDT"]
[Termination "Game drawn by repetition"]

1. d4 Nf6 2. Bf4 d5 3. e3 c5 4.
Nf3 Nc6 5. Nbd2 Qb6 6. dxc5 Qxc5 7. a3 Bf5 8. c4 e6 9. Rc1 Qb6 10. cxd5 exd5 11. Qb3 Bc5 12. Qxb6 Bxb6 13. Bb5 Rc8 14.
Bd6 Ne4 15. Nxe4 dxe4 16. Ne5 Bd7 17. O-O f6 18. Nxd7 Kxd7 19. Rfd1 Rhd8 20. Bf8+ Ke6 21. Bxg7 Ne5 22. Kf1 Rxd1+ 23. Rxd1 Rc2 24. b3 Kf7 25. Bh6 Ng4 26. Rd7+ Kg6 27. Bf8 Rxf2+ 28. Ke1 Rxg2 29.
Rg7+ Kh5 30. Rxh7+ Kg5 31. Rg7+ Kh4 32. Rh7+ Kg5 33.
Rg7+ Kh4 34. Rh7+ Kg5 1/2-1/2

[Event "Early-Titled-Tuesday-Blitz-October-24-2023"]
[Site "Chess.com"]
[Date "2023.10.24"]
[Round "7"]
[White "BeautiFullMindChess"]
[Black "CHENNAIBOND"]
[Result "0-1"]
[WhiteElo "2237"]
[BlackElo "1690"]
[TimeControl "180+1"]
[EndTime "9:14:51 PDT"]
[Termination "CHENNAIBOND won by resignation"]

1. e4 c5 2. Nf3 Nc6 3. d4 cxd4 4. Nxd4 Nf6 5. Nc3 e5 6. Ndb5 d6 7. Bg5 a6 8. Na3 b5 9. Nd5 Be7 10. Bxf6 Bxf6 11. c3 Bg5 12. Nc2 Be6 13. a4 bxa4 14. Rxa4 a5 15. Bc4 Rb8 16. b3 O-O 17. h4 Bh6 18. g3 Kh8 19. O-O f5 20. exf5 Bxf5 21. Nce3 Be4 22. Be2 Bxe3 23. Nxe3 d5 24. Bd3 Bf3 25.
Be2 Bxe2 26. Qxe2 Rxb3 27. Rd1 d4 28. Qc4 Rxc3 29. Qxc3 dxc3 30. Rxd8 Rxd8 31. Rc4 Nd4 32. Kf1 c2 33. Nxc2 Nxc2 34. Rxc2 a4 35. Ra2 Ra8 36. Ke2 Kg8 37. Kd3 Kf7 38. Kc4 Kf6 39.
Kb5 Kf5 40. f3 g6 41. Ra3 Rb8+ 42. Kxa4 Ra8+ 43. Kb3 Rxa3+ 44. Kxa3 e4 45. fxe4+ Kxe4 46. Kb4 Kf3 47. g4 Kxg4 0-1

[Event "Early-Titled-Tuesday-Blitz-October-24-2023"]
[Site "Chess.com"]
[Date "2023.10.24"]
[Round "7"]
[White "krzyzan94"]
[Black "ketster"]
[Result "0-1"]
[WhiteElo "2737"]
[BlackElo "2523"]
[TimeControl "180+1"]
[EndTime "9:14:54 PDT"]
[Termination "ketster won by checkmate"]

1. Nf3 Nf6 2. g3 e6 3. Bg2 d5 4.
O-O c5 5. c4 d4 6. e3 Nc6 7. exd4 cxd4 8. d3 h6 9. Re1 Bd6 10. Na3 O-O 11. Nc2 e5 12. b3 Bg4 13.
Ba3 a5 14. h3 Bh5 15. Qd2 Bg6 16. Rad1 Re8 17. Bxd6 Qxd6 18. Nh4 Bh7 19. Qc1 Nb4 20.
Nxb4 axb4 21. Re2 Ra7 22. Nf3 b6 23. Qd2 Rae7 24. Rde1 Nd7 25. Nh4 Nc5 26. Be4 Bxe4 27. dxe4 Qf6 28. Nf5 Ra7 29. g4 Rea8 30. Kg2 d3 31.
Re3 Rxa2 32. Qxb4 g6 33. Ng3 Qxf2+ 34. Kh1 Qg2# 0-1

[Event "Early-Titled-Tuesday-Blitz-October-24-2023"]
[Site "Chess.com"]
[Date "2023.10.24"]
[Round "7"]
[White "aranibos"]
[Black "Aleksandar-Topalov"]
[Result "1-0"]
[WhiteElo "2287"]
[BlackElo "2377"]
[TimeControl "180+1"]
[EndTime "9:14:54 PDT"]
[Termination "aranibos won on time"]

1. d4 Nf6 2. c3 g6 3. Bg5 Bg7 4. Nd2 O-O 5. e3 d6 6. Ngf3 Nbd7 7. Bd3 e5 8. h4 Qe8 9. dxe5 dxe5 10. e4 Ng4 11. h5 h6 12. Bh4 Nc5 13. Bc2 g5 14. Bg3 f5 15. exf5 e4 16. Nd4 Nd3+ 17. Kf1 Bxd4 18.
cxd4 Rxf5 19. Kg1 Ndxf2 20. Qe2 e3 21. Bxf5 Bxf5 22. Qc4+ Be6 23. d5 Bf5 24. Nf3 Rc8 25. d6+ Be6 26. Qc3 cxd6 27. Qe1 Rc2 28. Rc1 Rxb2 29.
Qc3 1-0

[Event "Early-Titled-Tuesday-Blitz-October-24-2023"]
[Site "Chess.com"]
[Date "2023.10.24"]
[Round "7"]
[White "victormago"]
[Black "Sanyura"]
[Result "0-1"]
[WhiteElo "2422"]
[BlackElo "2587"]
[TimeControl "180+1"]
[EndTime "9:14:55 PDT"]
[Termination "Sanyura won by resignation"]

1. d4 Nf6 2. c4 g6 3. Nc3 d6 4. e4 Bg7 5. Be2 O-O 6. Bg5 c5 7.
d5 e6 8. Qd2 exd5 9. cxd5 Re8 10.
f3 a6 11. a4 Nbd7 12. Nh3 Rb8 13. O-O Ne5 14. Nf2 c4 15. f4 Nd3 16. Nxd3 cxd3 17.
Bxd3 b5 18. axb5 axb5 19. Rae1 b4 20. Nd1 Qb6+ 21. Qf2 Ba6 22. Qxb6 Rxb6 23. Bxa6 Rxa6 24. Nf2 Nd7 25. Nd3 Bd4+ 26. Kh1 b3 27. f5 Ra2 28. fxg6 hxg6 29. Re2 Ne5 30. Nxe5 Bxe5 31. Rff2 Ra1+ 0-1

[Event "Early-Titled-Tuesday-Blitz-October-24-2023"]
[Site "Chess.com"]
[Date "2023.10.24"]
[Round "7"]
[White "Krakozia"]
[Black "M_One1126"]
[Result "0-1"]
[WhiteElo "2936"]
[BlackElo "2653"]
[TimeControl "180+1"]
[EndTime "9:14:56 PDT"]
[Termination "M_One1126 won on time"]

1. c4 Nf6 2. Nc3 c6 3. e4 d5 4. e5 d4 5. exf6 dxc3 6. bxc3 exf6 7. d4 Bd6 8. c5 Bc7 9. Bd3 O-O 10. Ne2 Nd7 11.
Qc2 h5 12. O-O h4 13. Bf4 Re8 14. Rfe1 b6 15. Bh7+ Kh8 16. Be4 bxc5 17. Bxc6 Rb8 18. d5 Bb7 19. Qf5 Bxc6 20. dxc6 Ne5 21. Rad1 Qc8 22.
Rd7 Kg8 23. Red1 Rb2 24. Bxe5 Bxe5 25. c7 Rxe2 26. f4 Bxc7 27. Qh5 Re1+ 0-1

[Event "Early-Titled-Tuesday-Blitz-October-24-2023"]
[Site "Chess.com"]
[Date "2023.10.24"]
[Round "7"]
[White "M1711"]
[Black "amanjazu"]
[Result "1-0"]
[WhiteElo "2574"]
[BlackElo "2407"]
[TimeControl "180+1"]
[EndTime "9:14:58 PDT"]
[Termination "M1711 won by resignation"]

1. e4 e6 2. d4 d5 3. Nc3 Nf6 4. Bd3 c5 5. exd5 cxd4 6. Bb5+ Bd7 7. Bxd7+ Qxd7 8. Qxd4 Nc6 9. Qd1 exd5 10. Nf3 Bb4 11. O-O O-O 12. Bg5 Bxc3 13. bxc3 Ne4 14. c4 d4 15. Re1 Nc3 16. Qd2 f6 17. Bf4 Rfd8 18. h4 Rac8 19. h5 Na5 20. h6 g6 21.
Bg3 Rxc4 22. Qf4 Qf7 23. Nd2 Rc6 24. Ne4 Nd5 25. Qd2 Nc3 26. Nxc3 Rxc3 27. Re4 Nc4 28.
Qe2 f5 29. Re7 Qf6 30. Rg7+ Kh8 31. Re1 Rf8 32. Qe7 Qxe7 33. Rexe7 Rd8 34. Rxh7+ Kg8 35.
Reg7+ 1-0

[Event "Early-Titled-Tuesday-Blitz-October-24-2023"]
[Site "Chess.com"]
[Date "2023.10.24"]
[Round "7"]
[White "dropstoneDP"]
[Black "GroovyKettle"]
[Result "0-1"]
[WhiteElo "3089"]
[BlackElo "3001"]
[TimeControl "180+1"]
[EndTime "9:14:59 PDT"]
[Termination "GroovyKettle won by checkmate"]

1. e4 c5 2. Nf3 d6 3. d4 cxd4 4. Nxd4 Nf6 5. Nc3 a6 6. f3 e5 7. Nb3 Be6 8. Be3 h5 9. Nd5 Bxd5 10. exd5 Nbd7 11. a4 g6 12. Qd2 b6 13. Be2 Bg7 14. O-O O-O 15. Kh1 Nc5 16. Nxc5 bxc5 17.
a5 e4 18. f4 Ng4 19. Bxg4 hxg4 20. f5 Bxb2 21. Rab1 Be5 22. Bg5 f6 23. Bh6 g5 24.
Bxf8 Qxf8 25. g3 Re8 26. Qe2 Bc3 27. Qxa6 e3 28. Qe2 Bxa5 29. Rb7 Re7 30. Rfb1 Bb4 31. R7xb4 cxb4 32. Rxb4 Qc8 33. Kg2 Qxf5 34. Rxg4 Qxg4 35. Qxg4 e2 36. Qf5 e1=Q 37. Qg6+ Rg7 38. Qxf6 Qe4+ 39. Kg1 Qxd5 40. h3 Qe5 41. Qf3 Rf7 42. Qd3 Qe1+ 43. Kg2 Rf2# 0-1

[Event "Early-Titled-Tuesday-Blitz-October-24-2023"]
[Site "Chess.com"]
[Date "2023.10.24"]
[Round "7"]
[White "GianmarcoVaR"]
[Black "Semetey"]
[Result "1-0"]
[WhiteElo "2739"]
[BlackElo "2541"]
[TimeControl "180+1"]
[EndTime "9:14:59 PDT"]
[Termination "GianmarcoVaR won by resignation"]

1. e4 a6 2. d4 c6 3. c3 d5 4.
exd5 cxd5 5. Bd3 Nf6 6. Bf4 Nc6 7. Nd2 Bg4 8. Ngf3 e6 9. O-O Be7 10. a4 O-O 11. Qb1 h6 12. Ne5 Bh5 13. h3 Nxe5 14.
dxe5 Nd7 15. Bh2 Qe8 16. c4 Nb6 17. cxd5 Nxd5 18. Nc4 Bg6 19. Bxg6 fxg6 20. Nd6 Bxd6 21. exd6 g5 22. Qe4 Qd7 23. Rfe1 Rae8 24. Be5 Rf5 25. Rac1 Ref8 26. f3 Rc8 27. Rxc8+ Qxc8 28. Re2 Rf8 29. Rc2 Qd7 30. b3 Rc8 31. Rxc8+ Qxc8 32. Qg6 Qd7 33. Bxg7 Qxg7 34. Qxg7+ Kxg7 35. d7 Kf7 36. d8=Q Ne7 37. Qc7 b5 38. a5 Kf6 39. Qb7 Nd5 40. Qxa6 Nc3 41. Qc8 Ne2+ 42. Kh2 Nd4 43. Qh8+ 1-0

[Event "Early-Titled-Tuesday-Blitz-October-24-2023"]
[Site "Chess.com"]
[Date "2023.10.24"]
[Round "7"]
[White "mbachez"]
[Black "Kirill_Klukin"]
[Result "1-0"]
[WhiteElo "2490"]
[BlackElo "2633"]
[TimeControl "180+1"]
[EndTime "9:15:00 PDT"]
[Termination "mbachez won on time"]

1. e4 c5 2. Nf3 g6 3. Bc4 Bg7 4.
O-O Nc6 5. c3 e6 6. d4 cxd4 7. Nxd4 d5 8. exd5 exd5 9. Bb5 Ne7 10. Be3 O-O 11. Nd2 Nxd4 12. Bxd4 Bxd4 13. cxd4 Qb6 14. Qb3 Qxd4 15. Nf3 Qf6 16. Be2 b6 17.
Rfd1 Bg4 18. a4 Rfd8 19. h3 Bf5 20. Nd4 Rac8 21. a5 Nc6 22. Nxf5 gxf5 23. axb6 Nd4 24. Rxd4 Qxd4 25. bxa7 Kg7 26. Bf3 Ra8 27. Ra4 Qc5 28.
Qb7 Qc2 29. Qb4 Qc7 30. Qd4+ f6 31. Bxd5 Rd7 32. Qd3 Rxa7 33. Rxa7 Qxa7 34. Qg3+ Kf8 35. Qg8+ Ke7 36. Qe6+ Kd8 37. Qxf6+ Kc7 38. Qe5+ Kd8 39. g3 Qc5 40. Qh8+ Kc7 41. Be6 Qc1+ 42. Kh2 Rd2 43. Qc8+ 1-0

[Event "Early-Titled-Tuesday-Blitz-October-24-2023"]
[Site "Chess.com"]
[Date "2023.10.24"]
[Round "7"]
[White "Josgar05"]
[Black "MasterKroket"]
[Result "0-1"]
[WhiteElo "2368"]
[BlackElo "2518"]
[TimeControl "180+1"]
[EndTime "9:15:00 PDT"]
[Termination "MasterKroket won by resignation"]

1. Nf3 Nf6 2. g3 g6 3. Bg2 Bg7 4. O-O O-O 5. d4 d6 6. c4 Nbd7 7. d5 e5 8. dxe6 fxe6 9. Nc3 a5 10. h3 Nc5 11. Re1 Qe7 12. e4 Nfd7 13. Bg5 Qf7 14. Qc2 Ne5 15. Nxe5 Bxe5 16. Rad1 Bd7 17. Be3 Na6 18.
a3 Bc6 19. f4 Bg7 20. Kh2 b6 21. Rf1 Nc5 22. Bd4 a4 23. Nb5 e5 24. fxe5 Qd7 25. exd6 Rxf1 26. Rxf1 Bxb5 27. Bxg7 Qxg7 28. cxb5 cxd6 29.
e5 Rd8 30. Bd5+ Kh8 31. e6 Qe5 32. Qg2 Nxe6 33. Rf7 Ng5 34. Rf2 Re8 35. Bc6 Re7 36. Qf1 Kg7 37. Qd3 Rf7 38. Rxf7+ Kxf7 39. Bd5+ Kg7 40. Qc3 Kf6 41. Kg2 Qxc3 42. bxc3 Ke5 43. Bg8 h6 44. Ba2 Ne4 45. c4 Kd4 46. Kf3 Nd2+ 47.
Kf4 Nxc4 48. Bb1 Nxa3 49. Bxg6 Nxb5 50. Be8 a3 51. Bf7 d5 52. Bg6 a2 53. Be8 a1=Q 54.
Bxb5 Qc1+ 55. Kf5 Qb1+ 56. Kf6 Qxb5 57. Kg7 Qd3 58. Kxh6 Qxg3 59. h4 Qxh4+ 60. Kg6 Qf4 0-1

[Event "Early-Titled-Tuesday-Blitz-October-24-2023"]
[Site "Chess.com"]
[Date "2023.10.24"]
[Round "7"]
[White "Maluco_do_Natal_00"]
[Black "Pumpkin_in_moonlight"]
[Result "0-1"]
[WhiteElo "2018"]
[BlackElo "2357"]
[TimeControl "180+1"]
[EndTime "9:15:00 PDT"]
[Termination "Pumpkin_in_moonlight won on time"]

1. e4 e5 2. Nf3 Nc6 3. Bb5 a6 4. Ba4 Nf6 5. O-O Be7 6. Re1 b5 7. Bb3 d6 8. c3 O-O 9. h3 Na5 10. Bc2 c5 11. d4 Qc7 12. Nbd2 Re8 13. Nf1 Nc6 14. d5 Nb8 15. g4 Bf8 16. Ng3 g6 17. g5 Nfd7 18. Kg2 Nb6 19. Rh1 Bg7 20. Qe1 f5 21. gxf6 Bxf6 22. h4 N8d7 23. h5 Nf8 24.
hxg6 Nxg6 25. Nh5 Bh8 26. Bh6 Ra7 27. Qe3 Bg4 28. Bd1 Qc8 29. Be2 Rf7 30. Rag1 Nc4 31. Kf1 Nxe3+ 32. fxe3 Bxf3 33. Bxf3 Rxf3+ 34. Ke2 Rh3 0-1

[Event "Early-Titled-Tuesday-Blitz-October-24-2023"]
[Site "Chess.com"]
[Date "2023.10.24"]
[Round "7"]
[White "campochess"]
[Black "LiadCuba"]
[Result "0-1"]
[WhiteElo "2189"]
[BlackElo "2356"]
[TimeControl "180+1"]
[EndTime "9:15:01 PDT"]
[Termination "LiadCuba won by checkmate"]

1. d4 d5 2. Bg5 c5 3. dxc5 Nc6 4. Nf3 f6 5. Bd2 a5 6. c4 d4 7. e3 d3 8. Qb3 e5 9. Qxd3 Qc7 10.
Nc3 Bxc5 11. Nb5 Qe7 12. Qc2 Nh6 13. Be2 Bf5 14. e4 Bg6 15. Bxh6 gxh6 16. O-O Rg8 17.
Kh1 O-O-O 18. Rfd1 Bxf2 19. a3 Kb8 20. b4 Bd4 21. Rab1 Qg7 22. Bf1 Bh5 23. Rd3 Qg4 24. bxa5 Qxf3 25. Rxf3 Bxf3 26. a6 b6 27. Nxd4 Nxd4 28.
Rxb6+ Ka8 29. Qb2 Bxe4 30. Rxf6 Rb8 31. Rb6 Rxb6 32. Qxb6 Rb8 33. Qd6 Rb1 34. Qxe5 Rxf1# 0-1

[Event "Early-Titled-Tuesday-Blitz-October-24-2023"]
[Site "Chess.com"]
[Date "2023.10.24"]
[Round "7"]
[White "WhiteKnight2612"]
[Black "GMWSO"]
[Result "0-1"]
[WhiteElo "2827"]
[BlackElo "3074"]
[TimeControl "180+1"]
[EndTime "9:15:02 PDT"]
[Termination "GMWSO won by resignation"]

1. Nf3 Nf6 2. g3 d5 3. Bg2 Bg4 4. O-O e6 5. c4 c6 6. Ne5 Bh5 7.
d4 Nbd7 8. Nc3 Nxe5 9. dxe5 Nd7 10. cxd5 cxd5 11. Qa4 a6 12. g4 b5 13. Qf4 Bg6 14. Rd1 Rc8 15. e4 b4 16. Nxd5 exd5 17. exd5 Bc5 18. e6 Nf6 19. d6 fxe6 20. d7+ Nxd7 21. Be3 Rf8 22. Qc4 Bxe3 23. Qxe6+ Qe7 24. Qxa6 Bxf2+ 25. Kh1 Rd8 26. Rd2 Be4 27. Re2 Be3 28. Qc4 Bxg2+ 29.
Kxg2 Rf4 30. Qc6 Rxg4+ 31. Kh1 Qe4+ 32. Qxe4+ Rxe4 33. Rae1 Nc5 34. Rxe3 Rxe3 35. Rxe3+ Kf7 36. Re5 Rd1+ 37. Kg2 Rd2+ 38. Kg3 Ne6 39. b3 Rxa2 40. Rb5 Ra3 41. Rxb4 Nc5 42. Rc4 Rxb3+ 43. Kh4 Ne6 44. h3 g6 45. Ra4 Kf6 46. Ra7 h6 47. Rf7+ Kxf7 48. Kg4 Kf6 0-1